 Dungeon Crawl Stone Soup version 0.18-a0-775-g4d9e04e (webtiles) character file.

64 JokEr the Insei (level 4, 0/30 HPs)
             Began as an Octopode Transmuter on Dec 13, 2015.
             Slain by an adder (5 damage)
             ... on level 2 of the Dungeon.
             The game lasted 00:03:37 (2396 turns).

JokEr the Insei (Octopode Transmuter)               Turns: 2396, Time: 00:03:37

Health: 0/30       AC:  1    Str:  9    XL:     4   Next: 12%
Magic:  7/7        EV: 12    Int: 16    God:
Gold:   97         SH:  0    Dex: 12    Spells: 1 memorised, 6 levels left

rFire  . . .     SeeInvis .       - Unarmed
rCold  . . .     Clarity  .     (no shield)
rNeg   . . .     SustAt   .     (helmet restricted)
rPois  .         Gourm    .     g - amulet of inaccuracy (curse)
rElec  .         Spirit   .     (no ring)
rCorr  .         Dismiss  .     (no ring)
rMut   .         Stasis   .     (no ring)
MR     .....                    (no ring)
Stlth  ++........               (no ring)
                                (no ring)
                                (no ring)
                                (no ring)

@: lethally poisoned (0 -> -6), not resistant to hostile enchantments,
unstealthy
A: almost no armour, amphibious, 8 rings, constrict 8, camouflage 1, gelatinous
body 1
a: no special abilities


You were on level 2 of the Dungeon.
You were not hungry.

You visited 1 branch of the dungeon, and saw 2 of its levels.

You collected 97 gold pieces.

Inventory:

Missiles
 a - 12 arrows
Jewellery
 g - a cursed amulet of inaccuracy (around mantle)
 o - a +4 ring of strength {unknown}
Scrolls
 d - a scroll of remove curse
 k - a scroll of identify {unknown}
 l - a scroll of teleportation
 n - a scroll of enchant armour
Potions
 e - a potion of heal wounds {unknown}
 f - a potion of lignification {unknown}
 h - a potion of curing {unknown}
 j - a potion of ambrosia {unknown}
 m - a potion of agility
Books
 b - a book of Changes

   Spells                             Type                      Level
   a - Beastly Appendage              Transmutation                1
   b - Sticks to Snakes               Transmutation                2
   c - Spider Form                    Transmutation/Poison         3
   d - Ice Form                       Ice/Transmutation            4
   e - Blade Hands                    Transmutation                5
Comestibles
 c - 2 bread rations
 i - a meat ration


   Skills:
 + Level 2.4 Fighting
 - Level 2.0 Dodging
 - Level 0.4 Stealth
 + Level 4.0 Unarmed Combat
 - Level 2.1 Spellcasting
 - Level 2.1 Transmutations


You had 6 spell levels left.
You knew the following spells:

 Your Spells              Type           Power        Failure   Level  Hunger
a - Beastly Appendage     Trmt           #.....       10%         1    #......


Dungeon Overview and Level Annotations

Branches:
Dungeon (2/15)

Altars:
Kikubaaqudgha


Innate Abilities, Weirdness & Mutations

You cannot wear most types of armour.
You are amphibious.
You can wear up to eight rings at the same time.
You can use your tentacles to constrict eight enemies at once.
Your skin changes colour to match your surroundings (Stealth).
Your rubbery body absorbs attacks (AC +1).


Message History

You closely miss the adder. Your grab misses the adder.
Your squeeze misses the adder.
The adder is severely wounded.
The adder bites you.
* * * LOW HITPOINT WARNING * * *
You miss the adder. Your grab misses the adder. Your squeeze misses the adder.
The adder is severely wounded.
You feel sick. The adder bites you.
* * * LOW HITPOINT WARNING * * *
You are lethally poisoned!
The adder poisons you!
You miss the adder. Your grab misses the adder.
Your tentacle-slap misses the adder.
Your squeeze misses the adder.
The adder is severely wounded.
The adder closely misses you.
You barely miss the adder. Your grab misses the adder.
The adder is severely wounded.
* * * LOW HITPOINT WARNING * * *
You feel sick. The adder barely misses you. The adder bites you.
You die...

..... #..... ###......
...... #........
....... #......
##....... #..... ##
#......... #gJ#.#
.###......... #S##.#
..............##@##.#
.....#####....#..##.##
...)............###..#
.
...#.####..#.....##..#
.## . .#......#
#...#.#...# ..# #
###.....# ###......##
#.# # #.....#
#....[.#.# #.####
####### #........#
#.##.. #> #.....#..#
#.##..


You could see an ooze, an adder and a hobgoblin.

Vanquished Creatures
  2 adders (D:2)
  A worm (D:2)
  3 ball pythons (D:1)
  2 giant cockroaches
  10 goblins
  8 hobgoblins
  5 kobolds
  3 bats (D:1)
  2 giant newts (D:2)
  3 rats
39 creatures vanquished.

Notes
Turn   | Place    | Note
--------------------------------------------------------------
     0 | D:1      | JokEr the Octopode Transmuter began the quest for the Orb.
     0 | D:1      | Reached XP level 1. HP: 13/13 MP: 3/3
   437 | D:1      | Reached XP level 2. HP: 15/18 MP: 5/5
  1194 | D:1      | Reached XP level 3. HP: 21/23 MP: 6/6
  1902 | D:2      | Found an ancient bone altar of Kikubaaqudgha.
  1931 | D:2      | Reached skill level 4 in Unarmed Combat
  1931 | D:2      | Reached XP level 4. HP: 12/29 MP: 7/7
  2396 | D:2      | Slain by an adder

Vault maps used:
D:1:      dpeg_arrival_fog
D:2:      lemuel_doored_altar, amethyst_overflow_temple_binary

Action                   |  1- 3 |  4- 6 || total
-------------------------+-------+-------++-------
Melee: Unarmed           |   102 |    36 ||   138
  Use: Scroll            |     4 |       ||     4
 Stab: Sleeping          |     5 |       ||     5
       Distracted        |     2 |       ||     2
  Eat: Bread ration      |     1 |       ||     1
